 Dungeon Crawl Stone Soup version 0.20-a0-638-gd210ae2 (webtiles) character file.

123 Pewrile the Grave Robber (level 4, -1/36 HPs)
             Began as a Deep Dwarf Necromancer on Feb 11, 2017.
             Slain by AlphabetPasta's ghost (2 damage)
             ... on level 3 of the Dungeon.
             The game lasted 00:33:44 (3245 turns).

Pewrile the Grave Robber (Deep Dwarf Necromancer)   Turns: 3245, Time: 00:33:45

Health: -1/36      AC:  3    Str: 11    XL:     4   Next: 79%
Magic:  0/8        EV: 12    Int: 17    God:
Gold:   129        SH:  0    Dex: 13    Spells: 0/9 levels left

rFire    . . .     SeeInvis .   m - +0 flail
rCold    . . .     Gourm    .   a - +1 robe
rNeg     . . .     Faith    .   (no shield)
rPois    .         Spirit   .   (no helmet)
rElec    .         Reflect  .   (no cloak)
rCorr    .         Harm     .   (no gloves)
MR       .....                  (no boots)
Stlth    ++........             (no amulet)
Regen    0.0/turn               (no ring)
                                i - ring of flight

@: non-regenerating
A: damage resistance, heal wounds, sense surroundings 1, slow regeneration 3
a: Heal Wounds, Evoke Flight


You were on level 3 of the Dungeon.
You were not hungry.

You visited 1 branch of the dungeon, and saw 3 of its levels.

You collected 129 gold pieces.

Inventory:

Hand Weapons
 m - a +0 flail (weapon)
Armour
 a - a +1 robe (worn)
Jewellery
 i - a ring of flight (left hand)
Scrolls
 e - 4 scrolls of identify
Potions
 k - a potion of curing
Books
 b - a book of Necromancy

   Spells                             Type                      Level
   a - Pain                           Necromancy                   1
   b - Animate Skeleton               Necromancy                   1
   c - Vampiric Draining              Necromancy                   3
   d - Regeneration                   Charms/Necromancy            3
   e - Animate Dead                   Necromancy                   4
   f - Control Undead                 Necromancy                   4
Comestibles
 c - 3 bread rations
 g - 6 fruits
 h - a royal jelly


   Skills:
 + Level 0.1 Fighting
 + Level 2.2 Dodging
 + Level 2.8 Stealth
 * Level 3.2 Spellcasting
 + Level 5.4 Necromancy


You couldn't memorise any spells.
You knew the following spells:

 Your Spells              Type           Power        Failure   Level  Hunger
a - Pain                  Necr           ###.         1%          1    None
b - Vampiric Draining     Necr           ###.......   8%          3    ###....
c - Animate Skeleton      Necr           N/A          1%          1    None
d - Control Undead        Necr           ###.......   21%         4    ####...


Dungeon Overview and Level Annotations

Branches:
Dungeon (3/15)

Altars:
Fedhas
Gozag
Ru

Annotations:
D:3 AlphabetPasta's ghost, amateur HOAE


Innate Abilities, Weirdness & Mutations

You are resistant to damage.
You can heal yourself by infusing magical energy.
You passively map a small area around you.
You do not regenerate.


Message History

There is a stone staircase leading down here.
You start resting.
Magic restored.
You climb downwards.
Level annotation: AlphabetPasta's ghost, amateur HOAE AlphabetPasta's ghost hits you.
* * * LOW HITPOINT WARNING * * *
There is a stone staircase leading up here.
AlphabetPasta's ghost barely misses you.
A kobold comes into view. It is wielding a short sword.
The kobold shouts!
Casting: Control Undead
Confirm with . or Enter, or press ? or * to list all spells.
AlphabetPasta's ghost easily resists.
AlphabetPasta's ghost hits you.
* * * LOW HITPOINT WARNING * * *
Casting: Control Undead
Confirm with . or Enter, or press ? or * to list all spells.
AlphabetPasta's ghost resists with almost no effort.
AlphabetPasta's ghost hits you.
You die...

#<#...[...# #.##.#
#.....##### #.##.#
#.....## #.##.#
#.##...# ####.##.#
#.##..#........ ,*
#.##.###.####.#
#.###.#.## #.#
#########.####.######.#
##...........?KW@.....#
....#####.####.########
##..# #.# #.# ##..# #.#
#.# ##>.# #># #.# ##..#
#.#* #.# ##..# #.. #.#
....# ##, #.* # #.# * *
,


You could see AlphabetPasta's ghost and a kobold.

Vanquished Creatures
  6 adders
  An ooze (D:1)
  2 dart slugs
  A leopard gecko (D:1)
  6 orcs (D:3)
  3 giant cockroaches
  6 goblins
  6 hobgoblins
  A ball python (D:3)
  6 bats
  5 frilled lizards
  6 kobolds
  6 rats
55 creatures vanquished.

Vanquished Creatures (collateral kills)
  An orc (D:3)
  A rat (D:3)
2 creatures vanquished.

Grand Total: 57 creatures vanquished

Notes
Turn   | Place    | Note
-------+----------+-------------------------------------------
     0 | D:1      | Pewrile the Deep Dwarf Necromancer began the quest for the Orb.
     0 | D:1      | Reached XP level 1. HP: 15/15 MP: 3/3
   410 | D:1      | Reached XP level 2. HP: 16/22 MP: 2/4
   958 | D:1      | Reached skill level 5 in Necromancy
  1186 | D:2      | Reached XP level 3. HP: 20/28 MP: 2/6
  1201 | D:2      | Learned a level 3 spell: Vampiric Draining
  1662 | D:2      | Found a sacrificial altar of Ru.
  1921 | D:2      | Reached XP level 4. HP: 34/36 MP: 2/8
  1934 | D:2      | Learned a level 1 spell: Animate Skeleton
  2089 | D:2      | Found a blossoming altar of Fedhas.
  2150 | D:3      | Found a faded altar of an unknown god.
  2345 | D:3      | Noticed AlphabetPasta's ghost (amateur HOAE)
  2421 | D:3      | Learned a level 4 spell: Control Undead
  2424 | D:3      | Found an opulent altar of Gozag.
  2596 | D:3      | Noticed a phantom
  3244 | D:3      | HP: 1/36 [AlphabetPasta's ghost (3)]
  3245 | D:3      | Slain by AlphabetPasta's ghost

Vault maps used:
D:1:      dpeg_arrival_boxes_within_box, corexii_corridor_pit,
          kennysheep_small_spiral
D:2:      lemuel_coloured_pillars_altar, nicolae_ru_awakened_eye
D:3:      nicolae_gozag_seed_capital, chequers_ecumenical_altar_simple

Skill      XL: |  1  2  3  4 |
---------------+-------------+-----
Spellcasting   | 2 3 |  3.2
Necromancy     | 5 |  5.4
Fighting       | |  0.1
Dodging        | |  2.2
Stealth        | |  2.8

Action                   |  1- 3 |  4- 6 || total
-------------------------+-------+-------++-------
Melee: Unarmed           |     7 |    14 ||    21
       Flail             |       |    20 ||    20
 Cast: Pain              |    61 |    27 ||    88
       Vampiric Draining |     7 |     9 ||    16
       Control Undead    |       |     8 ||     8
       Animate Skeleton  |       |     3 ||     3
 Abil: Heal Wounds       |       |     1 ||     1
  Use: Scroll            |     7 |     4 ||    11
  Eat: Chunk             |     5 |     2 ||     7
       Meat ration       |       |     1 ||     1
Armor: Robe              |     4 |    15 ||    19
Dodge: Dodged            |     8 |    53 ||    61
